 Dungeon Crawl Stone Soup version 0.31-a0-1308-ga3cce3a448 (webtiles) character file.

Game seed: 12977908885720015232

53 pokeman the Magician (level 3, 0/20 HPs)
             Began as a Deep Elf Hedge Wizard on Dec 19, 2023.
             Slain by a gnoll
             ... wielding a +0 club
              (6 damage)
             ... on level 2 of the Dungeon.
             The game lasted 00:04:53 (1656 turns).

pokeman the Magician (Deep Elf Hedge Wizard)        Turns: 1656, Time: 00:04:54

Health: 0/20       AC:  2    Str:  7    XL:     3   Next: 64%
Magic:  0/11       EV: 12    Int: 20    God:
Gold:   105        SH:  0    Dex: 14    Spells: 4/12 levels left

rFire   . . .        j - +0 short sword (holy)
rCold   . . .        (no shield)
rNeg    . . .        b - +0 robe
rPois   .            c - +0 hat
rElec   .            (no cloak)
rCorr   .            (no gloves)
SInv    .            (no boots)
Will    .....        (no amulet)
Stlth   ++           (no ring)
HPRegen 0.23/turn    (no ring)
MPRegen 0.12/turn

%: no passive effects
@: no status effects
A: no striking features
a: no special abilities


You were on level 2 of the Dungeon.
You visited 1 branch of the dungeon, and saw 2 of its levels.

You collected 105 gold pieces.

Inventory:

Hand Weapons
 j - a +0 short sword of holy wrath (weapon)
Armour
 a - a +1 ring mail of poison resistance
 b - a +0 robe (worn)
 c - a +0 hat (worn)
 e - a +1 ring mail of fire resistance
Scrolls
 f - 2 scrolls of poison {unknown}
 h - a scroll of noise {unknown}
 i - 4 scrolls of identify {unknown}
Potions
 d - a potion of magic
 g - a potion of degeneration {unknown}


   Skills:
 - Level 1.0 Fighting
 - Level 1.0 Armour
 + Level 2.4 Dodging
 + Level 2.4 Stealth
 * Level 5.3 Spellcasting
 + Level 2.0 Conjurations
 - Level 1.1 Summonings
 - Level 1.1 Translocations


You had 4 spell levels left.
You knew the following spells:

 Your Spells              Type           Power      Damage    Failure   Level
a - Magic Dart            Conj           52%        1d5       4%          1
b - Mephitic Cloud        Conj/Pois/Air  8%         N/A       26%         3
c - Call Imp              Summ           18%        N/A       11%         2
d - Blink                 Tloc           18%        N/A       11%         2

Your spell library contained the following spells:

 Spells                   Type           Power      Damage    Failure   Level
 Freeze                   Ice            20%        1d4       11%         1
 Slow                     Hex            20%        N/A       11%         1
 Cigotuvi's Dreadful Rot  Necr/Pois/Air  10%        N/A       17%         2
 Hailstorm                Conj/Ice       9%         3d6       22%         3
 Frozen Ramparts          Ice            10%        1d2       32%         3


Dungeon Overview and Level Annotations

Branches:
Dungeon (2/15)

Altars:


Message History

A stone staircase leading down.
Unknown command.
Press: ? - help, v - describe, . - travel, g - get item
Here: a gnoll, wielding a +0 whip Item here: a +0 halberd.
A stone staircase leading down.
Unknown command.
The endoplasm hits you but does no damage.
You hit the endoplasm.
The endoplasm is lightly wounded.
The endoplasm freezes you.
You are frozen.
The gnoll hits you with a +0 whip.
Unknown command.
Casting: Mephitic Cloud (extremely dangerous; 26% risk of failure)
Confirm with . or Enter, or press ? or * to list all spells.
You miscast Blink.
You are very lightly contaminated with residual magic.
Nothing appears to happen.
The endoplasm closely misses you. The gnoll barely misses you.
Unknown command.
Casting: Blink (safe; 11% risk of failure)
Confirm with . or Enter, or press ? or * to list all spells.
You blink.
A quokka comes into view.
Unknown command.
The gnoll attacks as it pursues you! The gnoll hits you with a +0 club.
* * * LOW HITPOINT WARNING * * *
The gnoll attacks as it pursues you! The gnoll completely misses you.
The gnoll attacks as it pursues you! The gnoll closely misses you.
You feel ready to blink again. The gnoll attacks as it pursues you!
The gnoll closely misses you. The gnoll attacks as it pursues you!
The gnoll closely misses you.
Your magical contamination has completely faded away.
The gnoll attacks as it pursues you! The gnoll hits you with a +0 club.
* * * LOW HITPOINT WARNING * * *
Casting: Blink (safe; 11% risk of failure)
Confirm with . or Enter, or press ? or * to list all spells.
A tiny devil pulls itself out of the air.
The gnoll hits you with a +0 club.
You die...

..........# ..#.........#
..............# #..
............).# #..
.......†......#####.##
.....................#
#<.........)##.####.########
#..........)##.5###.# #....#
##..........###.@##.# #....#
.#.........## ##.g#.###...[#
.##.#.....## ##.r..#.....#
..# ##†#### ###....#####
8.####..# #g#J.########
........# #.#.........#
.######.# #.g.........# ##
.>.###########.#.......#
.........J.g..g........#


You could see 2 gnolls, an endoplasm, a quokka and a friendly cerulean imp
(summoned).

Vanquished Creatures
  A gnoll (D:2)
  An adder (D:2)
  3 endoplasms
  3 giant cockroaches (D:1)
  4 goblins
  5 hobgoblins
  2 jackals (D:2)
  3 quokkas
  A ball python (D:1)
  A bat (D:2)
  2 frilled lizards
  2 kobolds (D:1)
  3 rats
31 creatures vanquished.

Notes
Turn   | Place    | Note
-------+----------+-------------------------------------------
     0 | D:1      | pokeman the Deep Elf Hedge Wizard began the quest for the
                  | Orb.
     0 | D:1      | Reached XP level 1. HP: 10/10 MP: 7/7
   214 | D:1      | Reached XP level 2. HP: 16/16 MP: 0/9
  1196 | D:2      | Reached skill level 5 in Spellcasting
  1388 | D:2      | Reached XP level 3. HP: 20/20 MP: 9/11
  1392 | D:2      | Learned a level 3 spell: Mephitic Cloud
  1395 | D:2      | Learned a level 2 spell: Call Imp
  1398 | D:2      | Learned a level 2 spell: Blink
  1591 | D:2      | Found a faded altar of an unknown god.
  1642 | D:2      | Reached skill level 1 in Fighting
  1642 | D:2      | Reached skill level 1 in Armour
  1656 | D:2      | Slain by a gnoll

Illustrated notes

Levels and vault maps discovered:
D:1:      scummos_arrival_forest, layout_basic
D:2:      minmay_skewed_foursquare, layout_rooms, ebering_ecumenical_altar_mist,
          minmay_crystal_room, dk_noncrumbling_3, minmay_misc_feat_hallway,
          minmay_misc_feat_diagonals, minivault_24

Skill      XL: |  1  2  3 |
---------------+----------+-----
Spellcasting   | 5 |  5.3
Fighting       | 1 |  1.0
Armour         | 1 |  1.0
Conjurations   | 2 |  2.0
Dodging        | |  2.4
Stealth        | |  2.4
Summonings     | |  1.1
Translocations | |  1.1

Action                     || total
---------------------------++-------
  Melee: Dagger            ||     8
         Short sword       ||     5
   Cast: Magic Dart        ||    81
         Mephitic Cloud    ||     2
         Blink             ||     1
         Call Imp          ||     1
   Stab: Sleeping          ||     1
 Armour: Robe              ||    13
  Dodge: Dodged            ||    22

Table legend: (Time is in decaauts)
 A = Elapsed time spent in this place.
 B = Non-inter-level travel time spent in this place.
 C = Inter-level travel time spent in this place.
 D = Time resting spent in this place.
 E = Time spent auto-exploring this place.
 F = Levels seen in this place.
 G = Mean time per level.
                   A        B        C        D        E       F      G
               +--------+--------+--------+--------+--------+-----+--------+
         Total |   1655 |   1640 |     15 |      0 |   1435 |   2 |  827.5 |
       Dungeon |   1655 |   1640 |     15 |      0 |   1435 |   2 |  827.5 |
               +--------+--------+--------+--------+--------+-----+--------+

Top non-repeatable levels by time:
     D:1: 1167 daAuts
     D:2: 488 daAuts
